 Dungeon Crawl Stone Soup version 0.26.1-11-gd32895ea62 (webtiles) character file.

Game seed: 8596743763250312962

282 dtburroughs the Chopper (level 6, -20/84 HPs)
             Began as a Minotaur Berserker on June 11, 2021.
             Was a Priest of Trog.
             Demolished by a two-headed ogre
             ... wielding a +0 giant club
              (27 damage)
             ... on level 4 of the Dungeon.
             The game lasted 00:05:13 (2768 turns).

dtburroughs the Chopper (Minotaur Berserker)        Turns: 2768, Time: 00:05:14

Health: -20/84     AC:  8    Str: 22    XL:     6   Next: 6%
Magic:  5/5        EV: 12    Int:  6    God:    Trog [***...]
Gold:   181        SH:  0    Dex:  9    Spells: 5/5 levels left

rFire    . . .     SeeInvis .   a - +0 hand axe
rCold    . . .     Faith    .   (no shield)
rNeg     . . .     Spirit   .   h - +3 ring mail
rPois    .         Reflect  .   (helmet restricted)
rElec    .         Harm     .   (no cloak)
rCorr    .         Rampage  .   (no gloves)
Will     .....                  (no boots)
Stlth    ..........             (no amulet)
HPRegen  0.24/turn              (no ring)
MPRegen  0.09/turn              (no ring)

@: berserking, very quick
A: retaliatory headbutt, horns 2
a: Renounce Religion, Berserk, Trog's Hand


You were on level 4 of the Dungeon.
You worshipped Trog.
Trog was most pleased with you.
You visited 1 branch of the dungeon, and saw 4 of its levels.

You collected 181 gold pieces.

Inventory:

Hand Weapons
 a - a +0 hand axe (weapon)
Missiles
 q - 2 silver boomerangs
Armour
 h - a +3 ring mail (worn)
 n - a +0 chain mail
Jewellery
 o - an uncursed ring of stealth {unknown}
 t - an uncursed ring of resist corrosion {unknown}
Wands
 s - a wand of iceblast (6)
Scrolls
 c - 4 scrolls of remove curse {unknown}
 d - 4 scrolls of teleportation {unknown}
 e - 2 scrolls of immolation {unknown}
 g - 2 scrolls of fear {unknown}
 k - 3 scrolls of identify {unknown}
 m - a scroll of amnesia {unknown}
 r - a scroll of blinking {unknown}
Potions
 b - 3 potions of attraction {unknown}
 f - a potion of invisibility {unknown}
 i - 2 potions of curing {unknown}
 j - 2 potions of flight {unknown}
 l - a potion of brilliance {unknown}
 p - a potion of ambrosia {unknown}
 u - a potion of haste {unknown}


   Skills:
 + Level 5.1 Fighting
 + Level 5.1 Axes
 + Level 4.3 Armour
 + Level 4.0 Dodging


You had 5 spell levels left.
You didn't know any spells.
Your spell library was empty.

Dungeon Overview and Level Annotations

Branches:
Dungeon (4/15)
 Temple: D:4-7

Altars:


Innate Abilities, Weirdness & Mutations

You reflexively headbutt those who attack you in melee.
You have a pair of horns on your head.


Message History

You barely miss the two-headed ogre.
The two-headed ogre is moderately wounded.
The two-headed ogre hits you with a +0 giant club.
* * * LOW HITPOINT WARNING * * *
The two-headed ogre hits you with a +0 giant spiked club.
* * * LOW HITPOINT WARNING * * *
You hit the two-headed ogre. You headbutt the two-headed ogre.
The two-headed ogre is heavily wounded.
You slash the two-headed ogre!
Your headbutt misses the two-headed ogre.
The two-headed ogre is severely wounded.
The two-headed ogre barely misses you.
The two-headed ogre hits you with a +0 giant spiked club!
* * * LOW HITPOINT WARNING * * *
You slash the two-headed ogre!
The two-headed ogre is severely wounded.
You slash the two-headed ogre!
The two-headed ogre is almost dead.
The two-headed ogre hits you with a +0 giant club!!
You die...

......#....#......#
##...##'####......#
##...##....#......#
...........#...)..# #
...........#.....## .#
...........#.....# .>#
...........#.....# ...#
#######....'.....#....#
#....#....@O....#
#######.....#....#
#..........(# ####
#...........#
#...........#
#...........+
#.....<.....#
#.....[.....#
#...........#


You could see a two-headed ogre.

Vanquished Creatures
  A hound (D:4)
  Jessica (D:2)
  Ijyb (D:3)
  3 gnolls (D:2)
  4 adders
  3 oozes
  2 worms
  8 dart slugs
  5 leopard geckos
  6 orcs
  A giant cockroach (D:2)
  15 goblins
  9 hobgoblins
  5 jackals
  3 quokkas (D:2)
  A ball python (D:2)
  7 bats
  3 frilled lizards
  8 kobolds
  7 rats
93 creatures vanquished.

Notes
Turn   | Place    | Note
-------+----------+-------------------------------------------
     0 | D:1      | dtburroughs the Minotaur Berserker began the quest for the
                  | Orb.
     0 | D:1      | Reached XP level 1. HP: 19/19 MP: 0/0
   236 | D:1      | Reached XP level 2. HP: 27/27 MP: 1/1
   835 | D:1      | Reached XP level 3. HP: 32/33 MP: 2/2
   954 | D:2      | Reached ** piety under Trog
  1015 | D:2      | Reached XP level 4. HP: 8/41 MP: 3/3
  1540 | D:2      | Noticed Jessica
  1552 | D:2      | Killed Jessica
  1787 | D:3      | Reached XP level 5. HP: 47/47 MP: 4/4
  2055 | D:3      | Reached *** piety under Trog
  2540 | D:3      | Noticed Ijyb
  2548 | D:3      | Killed Ijyb
  2549 | D:3      | Reached skill level 5 in Fighting
  2549 | D:3      | Reached skill level 5 in Axes
  2721 | D:4      | Reached XP level 6. HP: 52/56 MP: 5/5
  2758 | D:4      | Noticed a two-headed ogre
  2768 | D:4      | Demolished by a two-headed ogre

Illustrated notes

Levels and vault maps discovered:
D:1:      scummos_arrival_simple_crosswalls, layout_basic
D:2:      layout_rooms, uniq_jessica
D:3:      kennysheep_slugbush, layout_basic, uniq_ijyb
D:4:      layout_gridville

Skill      XL: |  1  2  3  4  5 |
---------------+----------------+-----
Axes           | 4 5 |  5.1
Fighting       | 4 5 |  5.1
Armour         | 3 4 |  4.3
Dodging        | 3 4 |  4.0

Action                   |  1- 3 |  4- 6 || total
-------------------------+-------+-------++-------
Melee: Hand axe          |    75 |   136 ||   211
       Headbutt          |    12 |    22 ||    34
Invok: Berserk           |     1 |     1 ||     2
Armor: Animal skin       |     8 |       ||     8
       Ring mail         |    17 |    51 ||    68
Dodge: Dodged            |    63 |    90 ||   153
